 Dungeon Crawl Stone Soup version 0.22-a0-458-gb446440d2e (webtiles) character file.

4 Lucibear the Stinger (level 1, 11/11 HPs)
             Began as an Octopode Venom Mage on June 8, 2018.
             Quit the game on level 1 of the Dungeon.
             The game lasted 00:02:30 (264 turns).

Lucibear the Stinger (Octopode Venom Mage)           Turns: 264, Time: 00:02:30

Health: 11/11      AC:  1    Str:  7    XL:     1   Next: 70%
Magic:  2/3        EV: 13    Int: 17    God:
Gold:   20         SH:  0    Dex: 12    Spells: 3/4 levels left

rFire    . . .     SeeInvis .   (no weapon)
rCold    . . .     Gourm    .   (no shield)
rNeg     . . .     Faith    .   (helmet restricted)
rPois    .         Spirit   .   (no amulet)
rElec    .         Reflect  .   (no ring)
rCorr    .         Harm     .   (no ring)
MR       .....                  (no ring)
Stlth    +++.......             (no ring)
HPRegen  0.03/turn              (no ring)
MPRegen  0.08/turn              (no ring)
                                (no ring)
                                (no ring)

@: very slightly contaminated
A: almost no armour, stealthy swim, amphibious, 8 rings, constrict 8, camouflage
1, gelatinous body 1
a: no special abilities


You were on level 1 of the Dungeon.
You were not hungry.

You visited 1 branch of the dungeon, and saw 1 of its levels.

You collected 20 gold pieces.

Inventory:

Missiles
 a - 4 tomahawks (quivered)
Comestibles
 b - a ration


   Skills:
 + Level 2.0 Dodging
 + Level 2.7 Stealth
 + Level 2.0 Spellcasting
 * Level 1.2 Conjurations
 * Level 3.8 Poison Magic


You had 3 spell levels left.
You knew the following spells:

 Your Spells              Type           Power        Failure   Level  Hunger
a - Sting                 Conj/Pois      ##..         7%          1    #......

Your spell library contained the following spells:

 Spells                   Type           Power        Failure   Level  Hunger
 Mephitic Cloud           Conj/Pois/Air  #.......     28%         3    ###....
 Venom Bolt               Conj/Pois      ##........   88%         5    ######.
 Olgreb's Toxic Radiance  Pois           ##......     38%         4    #####..
 Poisonous Vapours        Pois/Air       #.....       14%         2    ###....


Dungeon Overview and Level Annotations

Branches:
Dungeon (1/15)

Altars:


Innate Abilities, Weirdness & Mutations

You cannot wear most types of armour.
You are very stealthy in the water. (Stealth+)
You are amphibious.
You can wear up to eight rings at the same time.
You can use your tentacles to constrict eight enemies at once.
Your skin changes colour to match your surroundings (Stealth+).
Your rubbery body absorbs attacks. (AC +1, EV +1)


Message History

There is an open door here.
Saving game... please wait.
Welcome back, Lucibear the Octopode Venom Mage.
Press ? for a list of commands and other information.
Are you sure you want to abandon this character and quit the game? (Confirm with "yes".)
Okay, then.
There are no items here.
Are you sure you want to abandon this character and quit the game? (Confirm with "yes".)
Okay, then.
Unknown command.
Welcome back, Lucibear the Octopode Venom Mage.
Press ? for a list of commands and other information.
The frilled lizard is too close now for your liking.
There is an open door here. (m)acro, (M)acro raw, keymap [(k) default, (x) level-map, (t)argeting, (c)onfirm, m(e)nu], (s)ave?
Input default keymap trigger key: \{13} Current Action: g Do you wish to (r)edefine, (c)lear, or (a)bort?
Cleared default keymap '\{13}' => 'g'.
Are you sure you want to abandon this character and quit the game? (Confirm with "yes".)

...###.#
#.#.#####..#...## #.#.l
..#..#.#..##
#.#.###.#..#.#...#
#.#.....#....##.÷#
#.#.###.......†#...
#.#............#...
#.#............####
###.@......).....# .
#...#............#
....####.#.#............#
...........#..........###
+###########.##########
...# #####


You could see a frilled lizard (sleeping).

Vanquished Creatures
  2 bats (D:1)
  A giant cockroach (D:1)
  A rat (D:1)
4 creatures vanquished.

Notes
Turn   | Place    | Note
-------+----------+-------------------------------------------
     0 | D:1      | Lucibear the Octopode Venom Mage began the quest for the Orb.
     0 | D:1      | Reached XP level 1. HP: 11/11 MP: 3/3
   264 | D:1      | Quit the game

Vault maps used:
D:1:      matt_arrival_los_fun, okawaru_ov_weapons_minmay

Action                   || total
-------------------------++-------
Melee: Unarmed           ||     6
       Constrict         ||     3
       Tentacles         ||     1
 Cast: Sting             ||     4
Armor: Skin              ||     1
Dodge: Dodged            ||     2

Table legend:
 A = Spawn XP
 B = Non-spawn XP
 C = Spawn XP percentage of total XP
 D = Spawn monster count
 E = Non-spawn monster count
 F = Spawn count percentage of total count
 G = Total turns spent on level
                    A         B        C        D         E        F      G
               +---------+---------+-------+---------+---------+-------+---------
         Total |       0 |       7 |   0.0 |       0 |       4 |   0.0 |   264
               +---------+---------+-------+---------+---------+-------+---------
           D:1 |       0 |       7 |   0.0 |       0 |       4 |   0.0 |   264
               +---------+---------+-------+---------+---------+-------+---------
